 Dungeon Crawl Stone Soup version 0.28.0 (webtiles) character file.

Game seed: 8330848656382525038

7380 Arex the Grappler (level 10, -8/91 HPs)
             Began as a Troll Chaos Knight on Feb 8, 2022.
             Was a Plaything of Xom.
             Mangled by a black mamba (11 damage)
             ... on level 1 of the Lair of Beasts.
             The game lasted 00:29:18 (9092 turns).

Arex the Grappler (Troll Chaos Knight)              Turns: 9092, Time: 00:29:19

Health: -8/91      AC:  6    Str: 26    XL:     10   Next: 92%
Magic:  9/9        EV:  9    Int:  6    God:    Xom [......]
Gold:   516        SH:  8    Dex:  7    Spells: 9/9 levels left

rFire   + . .      SeeInvis .     - Unarmed
rCold   . . .      Faith    .   i - +0 kite shield
rNeg    . . .      Spirit   .   a - +2 robe
rPois   .          Reflect  .   (helmet restricted)
rElec   .          Harm     .   (no cloak)
rCorr   .          Rampage  .   (gloves unavailable)
Will    +....                   (boots unavailable)
Stlth   +.........              C - amulet of regeneration
HPRegen 1.85/turn               l - ring of protection from fire
MPRegen 0.11/turn               j - ring of willpower

@: lethally poisoned (-8 -> -11)
A: large, unfitting armour, claws 3, regeneration 1, shaggy fur 1, tough skin 1,
beak, hooves 1, clumsy 1, dopey 1, frail 1, sense surroundings 1, screaming 1,
wild magic 1, MP-powered wands
a: Renounce Religion


You were on level 1 of the Lair of Beasts.
You worshipped Xom.
You were a very special plaything of Xom.
You visited 3 branches of the dungeon, and saw 11 of its levels.
You also visited: Ossuary.

You collected 516 gold pieces.

Inventory:

Hand Weapons
 J - a +0 war axe of venom
Missiles
 f - 6 atropa-tipped darts
 t - 4 boomerangs (quivered)
 y - 5 silver boomerangs
Armour
 a - a +2 robe (worn)
 i - a +0 kite shield (worn)
Jewellery
 j - a ring of willpower (right claw)
 l - a ring of protection from fire (left claw)
 B - a ring of resist corrosion
 C - an amulet of regeneration (around neck)
 E - a ring of ice
Wands
 g - a wand of iceblast (4)
 x - a wand of flame (16)
Scrolls
 d - a scroll of blinking {unknown}
 e - a scroll of amnesia {unknown}
 k - 4 scrolls of vulnerability
 n - a scroll of teleportation
 o - a scroll of fog
 p - a scroll of enchant weapon
 s - 3 scrolls of enchant armour
 w - 2 scrolls of magic mapping
 A - a scroll of noise {unknown}
 D - a scroll of silence {unknown}
 H - 2 scrolls of immolation
Potions
 b - 2 potions of heal wounds
 c - 5 potions of curing
 h - 2 potions of might {unknown}
 m - 2 potions of mutation {unknown}
 q - a potion of invisibility {unknown}
 r - a potion of cancellation
 u - a potion of attraction {unknown}
 v - 3 potions of brilliance {unknown}
 z - a potion of magic {unknown}
 F - 3 potions of flight {unknown}
 G - 2 potions of lignification
 I - a potion of degeneration {unknown}


   Skills:
 + Level 7.1 Fighting
 + Level 5.8 Throwing
 + Level 6.8 Dodging
 + Level 6.1 Shields
 + Level 8.5 Unarmed Combat


You had 9 spell levels left.
You didn't know any spells.
Your spell library contained the following spells:

 Spells                   Type           Power      Damage    Failure   Level
 Slow                     Hex            0%         N/A       78%         1
 Blink                    Tloc           0%         N/A       89%         2
 Corpse Rot               Necr/Air       0%         N/A       89%         2
 Ensorcelled Hibernation  Hex/Ice        0%         N/A       89%         2
 Passwall                 Tmut/Erth      0%         N/A       89%         2
 Poisonous Vapours        Pois/Air       0%         N/A       89%         2
 Confusing Touch          Hex            0%         N/A       98%         3
 Gell's Gravitas          Tloc           0%         N/A       98%         3
 Lesser Beckoning         Tloc           0%         N/A       98%         3
 Swiftness                Air            0%         N/A       98%         3
 Teleport Other           Tloc           0%         N/A       98%         3
 Vampiric Draining        Necr           0%         2d6       98%         3
 Animate Dead             Necr           0%         N/A       100%        4
 Cause Fear               Hex            0%         N/A       100%        4
 Dispel Undead            Necr           0%         3d6       100%        4
 Manifold Assault         Tloc           0%         N/A       100%        5
 Death Channel            Necr           0%         N/A       100%        6
 Dragon Form              Tmut           0%         N/A       100%        7
 Haunt                    Necr/Summ      0%         N/A       100%        7
 Storm Form               Tmut/Air       0%         N/A       100%        7
 Infestation              Necr           0%         N/A       100%        8
 Dragon's Call            Summ           0%         N/A       100%        9


Dungeon Overview and Level Annotations

Branches:
Dungeon (9/15)             Temple (1/1) D:7            Lair (1/6) D:9
Ossuary (visited)
    Orc: D:9-12

Altars:
Ashenzari
Cheibriados
Dithmenos
Elyvilon
Fedhas
Gozag
Hepliaklqana
Makhleb
Nemelex Xobeh
Okawaru
Qazlal
Ru
Sif Muna
Trog
Vehumet
Wu Jian
Xom
Yredelemnul
Zin
The Shining One
Lugonu

Shops:
D:9 :

Annotations:
D:4 1 runed translucent door, Hubris850's ghost, amateur GnCA
D:6 2 runed translucent doors


Innate Abilities, Weirdness & Mutations

You are too large for most types of armour.
You have claws for hands.
Your natural rate of healing is unusually fast.
You are covered in fur. (AC +1)
You have tough skin. (AC +1)
You have a beak for a mouth.
You have large cloven feet.
You are clumsy. (Dex -2)
You are dopey. (Int -2)
You are frail. (-10% HP)
You passively map a small area around you.
You occasionally shout uncontrollably at your foes.
Your spells are a little harder to cast, but a little more powerful.
You expend magic power (3 MP) to strengthen your wands.


Message History

The bullfrog hits you but does no damage.
You closely miss the bullfrog. Your kick misses the bullfrog.
The bullfrog is severely wounded.
A black mamba comes into view.
The bullfrog closely misses you.
The black mamba hisses angrily.
You scratch the bullfrog. You kick the bullfrog.
You kill the bullfrog!
It was a potion of cancellation.
You feel magically purged.
Xom thinks this is hilarious!
The yak completely misses you. The black mamba bites you!
The black mamba bites you.
The black mamba bites you! "Serve the toy, my child!"
You block the black mamba's attack.
You mangle the yak!!
You kill the yak!
The black mamba bites you but does no damage.
The black mamba bites you!
* * * LOW HITPOINT WARNING * * *
You closely miss the black mamba. Your kick misses the black mamba.
Your peck misses the black mamba. The black mamba barely misses you.
Your white imp barely misses the black mamba.
The black mamba bites you but does no damage.
You barely miss the black mamba. Your kick misses the black mamba.
Your peck misses the black mamba. The black mamba bites you!
* * * LOW HITPOINT WARNING * * *
Your white imp barely misses the black mamba.
You barely miss the black mamba. Your kick misses the black mamba.
You peck the black mamba, but do no damage.
You block the black mamba's attack.
Your white imp barely misses the black mamba.
You block the black mamba's attack.
You miss the black mamba. The black mamba bites you!
* * * LOW HITPOINT WARNING * * *
You are lethally poisoned!
The black mamba poisons you!
Your white imp gestures at the black mamba.
The puff of frost hits the black mamba!
The black mamba bites you!
You die...
Xom howls with laughter!

####...........# #.#........
#..+...........###..........
#.............##.#....[...
##...........###.#........ ,
#...........'.†.......... *
#.........?.######+###.## *
* #...........# * ###
###.#†###'### ####.†@.# , *
* ###5S### * , #.#.P.# , ,
#.....## * , , ##
#....+.####.## ,, , .#
#....#........ , .###
#.....########
.#.#########....## , ,
........##......# ,


You could see a black mamba (ally target) and a friendly white imp (summoned).

Vanquished Creatures
  A two-headed ogre (D:9)
  A komodo dragon (Lair:1)
  2 wyverns
  4 yaks (Lair:1)
  A steam dragon (D:4)
  2 water moccasins
  An orc warrior (D:9)
  2 ice beasts
  A black bear (D:6)
  2 necrophages
  A sky beast (D:7)
  4 centaurs
  A phantom (D:5)
  6 elf zombies (Ossuary)
  7 bullfrogs
  A wyvern zombie (D:7)
  A gnoll sergeant (D:7)
  A scorpion (D:6)
  A wyvern skeleton (D:7)
  9 killer bees
  20 wights
  A howler monkey (D:6)
  An electric eel (D:6)
  2 human zombies (Ossuary)
  6 centaur zombies
  4 hounds
  2 orc priests
  A centaur skeleton (D:7)
  5 iguanas
  An orc wizard (D:6)
  3 mummies (Ossuary)
  8 gnolls
  10 adders
  3 white imps
  A worm (D:3)
  3 dart slugs
  16 orcs
  4 endoplasms
  A giant cockroach (D:3)
  7 hobgoblins
  5 jackals
  8 kobolds
  3 quokkas
  11 ball pythons
  5 bats
  2 frilled lizards (D:2)
  12 goblins
  4 rats
198 creatures vanquished.

Vanquished Creatures (collateral kills)
  A two-headed ogre (D:8)
  A yak (D:8)
  A gnoll sergeant (D:8)
  4 killer bees (D:8)
  An orc wizard (D:8)
  5 gnolls
  An orc (D:8)
14 creatures vanquished.

Vanquished Creatures (others)
  A fungus (Lair:1)
  18 plants
19 creatures vanquished.

Grand Total: 231 creatures vanquished

Notes
Turn   | Place    | Note
-------+----------+-------------------------------------------
     0 | D:1      | Arex the Troll Chaos Knight began the quest for the Orb.
     0 | D:1      | Reached XP level 1. HP: 22/22 MP: 0/0
   221 | D:1      | Reached XP level 2. HP: 29/29 MP: 1/1
   766 | D:2      | XOM: 7-stop teleportation journey
   774 | D:2      | Reached XP level 3. HP: 29/36 MP: 2/2
   872 | D:2      | XOM: enchant monster (bad)
   899 | D:2      | XOM: 9-stop teleportation journey
   913 | D:2      | Reached XP level 4. HP: 45/45 MP: 3/3
   932 | D:2      | XOM: 2-stop teleportation journey
  1047 | D:2      | XOM: give mutations
  1047 | D:2      | Gained mutation: You passively map a small area around you.
                  | [Xom's mischief]
  1047 | D:2      | Gained mutation: You occasionally shout uncontrollably at
                  | your foes. [Xom's mischief]
  1411 | D:3      | XOM: silly message
  1642 | D:3      | XOM: summons 3 hostile shadow creatures
  1707 | D:3      | XOM: summons 3 hostile demons
  1708 | D:3      | Noticed a ynoxinul
  1834 | D:3      | XOM: 1-stop teleportation journey
  1917 | D:3      | Reached skill level 4 in Unarmed Combat
  1920 | D:3      | Reached XP level 5. HP: 53/53 MP: 4/4
  2186 | D:4      | Reached skill level 1 in Shields
  2195 | D:4      | Noticed an ogre
  2201 | D:4      | XOM: give mutation
  2201 | D:4      | Gained mutation: You frequently scream uncontrollably at
                  | your foes. [Xom's mischief]
  2229 | D:3      | XOM: chaos cloud
  2239 | D:3      | XOM: silly message
  2246 | D:3      | XOM: silly message
  2460 | D:4      | XOM: chaos upgrade
  2486 | D:4      | Found a burning altar of Makhleb.
  2502 | D:4      | Noticed a steam dragon
  2503 | D:4      | XOM: noise
  2506 | D:4      | Killed a steam dragon
  2507 | D:4      | Reached XP level 6. HP: 62/62 MP: 5/5
  2526 | D:4      | Found a runed translucent door.
  2530 | D:4      | Noticed Hubris850's ghost (amateur GnCA)
  2567 | D:4      | Found an iron altar of Okawaru.
  2622 | D:4      | XOM: divination: detect items
  2624 | D:4      | XOM: cast spell 'Call Canine Familiar'
  2933 | D:5      | Entered Level 5 of the Dungeon
  2985 | D:5      | Reached XP level 7. HP: 70/70 MP: 6/6
  2991 | D:5      | Reached skill level 5 in Unarmed Combat
  3001 | D:5      | XOM: enchant monster (bad)
  3222 | D:5      | XOM: god gift: wand of iceblast (5)
  3373 | D:5      | Found a basalt altar of Yredelemnul.
  3613 | D:5      | XOM is BORED!
  3797 | D:6      | Found a sand-covered staircase.
  3806 | Ossuary  | Entered an ossuary
  3859 | Ossuary  | XOM: summons 1 hostile demon
  3865 | Ossuary  | XOM: confusion (+ monsters)
  3872 | Ossuary  | XOM: confuse monster(s)
  3893 | Ossuary  | Reached skill level 1 in Throwing
  3896 | Ossuary  | Reached XP level 8. HP: 79/79 MP: 7/7
  3919 | Ossuary  | XOM: 2-stop teleportation journey
  3923 | Ossuary  | XOM: repel stairs
  3929 | Ossuary  | XOM: confusion
  3944 | Ossuary  | XOM: stat loss: -1 Str (22/23)
  3950 | Ossuary  | XOM: summons friendly ufetubus
  4053 | D:6      | Reached skill level 6 in Unarmed Combat
  4057 | D:6      | Found a runed translucent door.
  4139 | D:6      | XOM: 3-stop teleportation journey
  4181 | D:6      | Reached skill level 5 in Fighting
  4290 | D:6      | Found a broken altar of Ashenzari.
  4295 | D:6      | Found a blossoming altar of Fedhas.
  4315 | D:6      | XOM: smoke on damage
  4327 | D:6      | XOM: blink monster(s)
  4494 | D:6      | Found a runed translucent door.
  4662 | D:6      | XOM: enchant monster (bad)
  4689 | D:6      | XOM: give mutations
  4689 | D:6      | Gained mutation: You are dopey. (Int -2) [Xom's mischief]
  4689 | D:6      | Gained mutation: You are frail. (-10% HP) [Xom's mischief]
  4689 | D:6      | Gained mutation: You are clumsy. (Dex -2) [Xom's mischief]
  4691 | D:6      | Reached skill level 5 in Dodging
  4992 | D:6      | XOM: noise
  4997 | D:7      | XOM: noise
  5006 | D:7      | XOM: scenery: 3 doors open, 3 doors close
  5011 | D:6      | XOM: silly message
  5013 | D:6      | XOM: noise
  5014 | D:6      | XOM: cast spell 'Summon Ice Beast'
  5019 | D:6      | Reached XP level 9. HP: 29/79 MP: 8/8
  5085 | D:6      | XOM: smoke on damage
  5088 | D:6      | XOM: divination: detect creatures
  5410 | D:6      | XOM: give mutation
  5410 | D:6      | Gained mutation: Your flesh is heat resistant. (rF+) [Xom's
                  | grace]
  5419 | D:6      | XOM: cloud trail
  5478 | D:7      | Found a flagged portal.
  5484 | D:7      | XOM: enchant monster (good)
  5617 | D:6      | XOM: god gift: 27 stones
  5637 | D:6      | XOM: enchant monster (bad)
  5779 | D:7      | Reached skill level 7 in Unarmed Combat
  5850 | D:7      | XOM: enchant monster (bad)
  5857 | D:7      | XOM: smoke on damage
  5869 | D:6      | XOM: confusion (+ monsters)
  6078 | D:7      | XOM: summons 1 hostile demon
  6197 | D:7      | XOM: silly message
  6217 | D:7      | Found a staircase to the Ecumenical Temple.
  6232 | D:7      | XOM: blink monster(s)
  6241 | D:7      | XOM: god gift: 25 stones
  6247 | Temple   | Entered the Ecumenical Temple
  6458 | D:7      | XOM: noise
  6551 | D:7      | XOM: cloud trail
  6564 | D:7      | Found a shimmering blue altar of Sif Muna.
  6565 | D:7      | XOM: fog
  6839 | D:8      | XOM: stealth player
  6914 | D:7      | XOM: fog
  6933 | D:7      | Reached skill level 5 in Shields
  6970 | D:7      | XOM: 5-stop teleportation journey
  6974 | D:7      | XOM: give mutations
  6974 | D:7      | Gained mutation: You have large cloven feet. [Xom's grace]
  6974 | D:7      | Gained mutation: You have a beak for a mouth. [Xom's grace]
  6974 | D:7      | Gained mutation: Your spells are a little harder to cast,
                  | but a little more powerful. [Xom's grace]
  6974 | D:7      | Gained mutation: You expend magic power (3 MP) to
                  | strengthen your wands. [Xom's grace]
  7010 | D:7      | XOM: scenery: 6 doors close
  7205 | D:7      | Found a shimmering blue altar of Sif Muna.
  7290 | D:7      | Found a staircase to the Ecumenical Temple.
  7386 | D:7      | XOM: god gift: leather armour {god gift}
  7524 | D:8      | Reached XP level 10. HP: 72/88 MP: 9/9
  7580 | D:8      | Found an opulent altar of Gozag.
  7580 | D:8      | Found a glowing silver altar of Zin.
  7726 | D:8      | Noticed a two-headed ogre
  7731 | D:8      | Killed a two-headed ogre
  7770 | D:8      | Found a snail-covered altar of Cheibriados.
  7784 | D:8      | Reached skill level 5 in Throwing
  7893 | D:8      | Found a radiant altar of Vehumet.
  7897 | D:8      | Found a sacrificial altar of Ru.
  7899 | D:8      | Found a hazy altar of Hepliaklqana.
  7998 | D:9      | Found a staircase to the Lair.
  8013 | D:9      | Found Xopnej's Book Boutique.
  8118 | D:9      | XOM: 9-stop teleportation journey
  8136 | D:9      | Reached skill level 8 in Unarmed Combat
  8139 | D:9      | XOM: give mutations
  8139 | D:9      | Lost mutation: Your flesh is heat resistant. (rF+) [Xom's
                  | mischief]
  8139 | D:9      | Lost mutation: You frequently scream uncontrollably at your
                  | foes. [Xom's mischief]
  8185 | D:9      | XOM is BORED!
  8434 | D:9      | XOM: scenery: 1 doors close
  8472 | D:9      | XOM: confuse monster(s)
  8513 | D:9      | Noticed a two-headed ogre
  8535 | D:9      | XOM: summons friendly quasit
  8544 | D:9      | Killed a two-headed ogre
  8639 | D:9      | XOM: god gift: potion of curing
  8974 | Lair:1   | Entered Level 1 of the Lair of Beasts
  9007 | Lair:1   | XOM: noise
  9013 | Lair:1   | XOM: 3-stop teleportation journey
  9053 | Lair:1   | XOM: noise
  9075 | Lair:1   | XOM: blink monster(s)
  9075 | Lair:1   | XOM: smoke on damage
  9076 | Lair:1   | XOM: noise
  9083 | Lair:1   | Noticed a black mamba
  9087 | Lair:1   | XOM: summons friendly white imp
  9092 | Lair:1   | HP: 3/91 [black mamba (14)]
  9092 | Lair:1   | Mangled by a black mamba

Illustrated notes

Levels and vault maps discovered:
D:1:      co_arrival_square_in_a_square_in_a_square, layout_basic,
          minmay_tetromino_i4
D:2:      layout_basic
D:3:      cheibrodos_old_hovel, layout_basic, hangedman_abyss_or_decor_stabs
D:4:      layout_cave_pools, mainiacjoe_overflow_six_doors_small,
          lemuel_round_altar, ebering_ghost_reflecting_pool,
          grunt_ministairs_15, dk_noncrumbling_3, minmay_snake_closets
D:5:      layout_basic, general_overflow_altar, dk_vineyard_2
D:6:      lemuel_insect_pit, layout_basic, grunt_temple_overflow_open,
          nicolae_ossuary_entry_ruins, serial_bayou_lagoon_b
D:7:      layout_cave_pools, nicolae_sif_muna_condensation,
          minmay_temple_entry_hall, enter_bailey_6, eino_jars
D:8:      layout_rooms, nicolae_overflow_hallway_of_the_gods,
          minmay_chambers_of_fives
D:9:      layout_loops_corners, lair_entry_dummy, serial_shops,
          nicolae_shop_hallway_plus, dk_noncrumbling_2
Temple:   corrupted_temple
Lair:1:   layout_roguey, serial_bayou_shore_a

Skill      XL: |  1  2  3  4  5  6  7  8  9 10 |
---------------+-------------------------------+-----
Dodging        | 2 3 4 5 6 |  6.8
Fighting       | 3 4 5 6 7 |  7.1
Unarmed Combat | 4 5 6 7 8 |  8.5
Shields        | 1 2 3 4 5 6 |  6.1
Throwing       | 1 3 4 5 |  5.8

Action                   |  1- 3 |  4- 6 |  7- 9 | 10-12 || total
-------------------------+-------+-------+-------+-------++-------
Melee: Unarmed           |    84 |   176 |   427 |   107 ||   794
       Punch             |     1 |       |       |       ||     1
       Kick              |       |       |     4 |    31 ||    35
       Peck              |       |       |     3 |    24 ||    27
Throw: Dart              |       |     8 |       |       ||     8
       Boomerang         |       |       |    17 |     4 ||    21
Evoke: Wand              |       |       |     3 |     2 ||     5
  Use: Scroll            |       |     5 |     6 |     1 ||    12
       Potion            |       |     1 |     4 |     2 ||     7
 Stab: Sleeping          |       |     2 |       |       ||     2
       Confused          |       |       |     1 |     2 ||     3
Armor: Robe              |    65 |    75 |   139 |    29 ||   308
Dodge: Dodged            |    62 |    71 |   179 |    37 ||   349
Block: Kite shield       |       |    43 |   173 |    46 ||   262
